 Dungeon Crawl Stone Soup version 0.30-a0-3-gc9032a9cac (webtiles) character file.

Game seed: 10284910393572759601

9 BritishOli the Trooper (level 2, 24/24 HPs)
             Began as a Demonspawn Fighter on Aug 20, 2022.
             Got out of the dungeon alive.
             The game lasted 00:00:22 (326 turns).

BritishOli the Trooper (Demonspawn Fighter)          Turns: 326, Time: 00:00:23

Health: 24/24      AC:  6    Str: 16    XL:     2   Next: 3%
Magic:  2/2        EV:  8    Int: 11    God:
Gold:   25         SH:  4    Dex: 12    Spells: 1/1 levels left

rFire   . . .      SeeInvis .    a - +0 long sword
rCold   . . .      Faith    .    c - +0 buckler
rNeg    . . .      Spirit   .    b - +0 scale mail
rPois   .          Reflect  .    (no helmet)
rElec   .          Harm     .    (no cloak)
rCorr   .          Rampage  .    (no gloves)
Will    .....                    (no boots)
Stlth   ..........               (no amulet)
HPRegen 0.08/turn                (no ring)
MPRegen 0.08/turn                (no ring)

@: no status effects
A: big brain 1
a: no special abilities


You escaped.
You visited 1 branch of the dungeon, and saw 1 of its levels.

You collected 25 gold pieces.

Inventory:

Hand Weapons
 a - a +0 long sword (weapon)
Armour
 b - a +0 scale mail (worn)
 c - a +0 buckler (worn)
Scrolls
 e - 2 scrolls of poison {unknown}
Potions
 d - a potion of might


   Skills:
 + Level 3.1 Fighting
 + Level 2.0 Long Blades
 + Level 2.8 Armour
 + Level 2.8 Shields


You had one spell level left.
You didn't know any spells.
Your spell library contained the following spells:

 Spells                   Type           Power      Damage    Failure   Level
 Apportation              Tloc           0%         N/A       86%         1
 Necrotise                Necr           0%         1d4       86%         1
 Summon Small Mammal      Summ           0%         N/A       86%         1


Dungeon Overview and Level Annotations

Branches:
Dungeon (1/15)

Altars:


Innate Abilities, Weirdness & Mutations

You have an unusually large brain. (Int +2)


Message History

The bat hits you but does no damage.
There are monsters nearby!
The bat hits you but does no damage. The bat closely misses you.
You block the jackal's attack.
You see here a +0 club.
There are monsters nearby!
You miss the bat. The bat hits you but does no damage.
You block the jackal's attack. The jackal barely misses you.
The jackal bites you but does no damage.
The jackal closely misses you.
You hit the bat but do no damage. The bat hits you but does no damage.
You block the jackal's attack.
The jackal bites you but does no damage.
The jackal closely misses you. You block the jackal's attack.
You hit the bat.
You kill the bat!
The jackal closely misses you. x3; You block the jackal's attack.
You slash the jackal!
You kill the jackal!
The jackal bites you.
The jackal bites you but does no damage.
You hit the jackal.
The jackal is moderately wounded.
The jackal completely misses you. You block the jackal's attack.
You hit the jackal.
You kill the jackal!
Your Long Blades skill increases to level 2!
You have reached level 2!
Your demonic ancestry asserts itself...
Your brain expands.
You see here a jackal corpse.
You enter the shallow water.
Moving in this stuff is going to be slow.
There is a large open door here.
There is a fountain of clear blue water here.
There is a large open door here.
There is a staircase leading out of the dungeon here.
There is a staircase leading out of the dungeon here.
Are you sure you want to leave the Dungeon?
This will make you lose the game!
You have escaped!

.....≈≈≈≈≈≈≈≈≈≈≈≈≈≈~≈≈~≈≈~~~....
.....~≈≈≈≈≈≈≈≈≈≈≈≈≈≈≈≈≈≈≈≈≈~....
.....≈≈≈#+#'#≈≈≈≈≈≈≈#'#+#≈≈~....
.....~≈≈'...##'###+##(.>'≈≈≈....
.....~≈≈'...'.......+...'≈≈~....
.....~≈≈#+###.#####.###'#≈≈~....
......~≈≈≈#...#...#...'≈≈≈~~....
#...⌠..≈~≈'.⌠.'...###.#≈≈≈≈~....
.#..⌠..~≈~'.⌠.'.@.###.#≈≈≈≈~....
.#....~~≈≈#...#...#.(.'≈≈≈≈~....
#...~≈≈#'#'#.#####.###'#≈≈~....
#...≈≈≈'...#.......#...'≈≈≈....
.....~≈≈'...##'###'##..('≈≈≈....
.....≈≈≈#+#'#≈≈≈≈≈≈≈#+#'#≈≈~....
.....~≈≈≈≈≈≈≈≈≈≈≈≈≈≈≈≈≈≈≈≈≈≈....
.....≈≈≈≈≈≈≈≈≈≈≈≈≈≈≈≈≈≈≈≈≈≈≈....
...~≈~~~~≈≈~≈≈~~~~~~~≈≈~~~....


There were no monsters in sight!

Vanquished Creatures
  A bat (D:1)
  An endoplasm (D:1)
  A goblin (D:1)
  2 jackals (D:1)
  A ball python (D:1)
  A frilled lizard (D:1)
  A kobold (D:1)
8 creatures vanquished.

Notes
Turn   | Place    | Note
-------+----------+-------------------------------------------
     0 | D:1      | BritishOli the Demonspawn Fighter began the quest for the
                  | Orb.
     0 | D:1      | Reached XP level 1. HP: 18/18 MP: 1/1
   286 | D:1      | Gained mutation: You have an unusually large brain. (Int
                  | +2) [demonic ancestry]
   286 | D:1      | Reached XP level 2. HP: 22/24 MP: 2/2
   326 | D:$      | Got out of the dungeon alive.

Illustrated notes

Levels and vault maps discovered:
D:1:      dpeg_arrival_castle, layout_basic

Skill      XL: |  1 |
---------------+----+-----
Long Blades    | 2 |  2.0
Fighting       | |  3.1
Armour         | |  2.8
Shields        | |  2.8

Action                   || total
-------------------------++-------
Melee: Long sword        ||    18
Armor: Scale mail        ||    11
Dodge: Dodged            ||    13
Block: Buckler           ||     7

Table legend: (Time is in decaauts)
 A = Elapsed time spent in this place.
 B = Non-inter-level travel time spent in this place.
 C = Inter-level travel time spent in this place.
 D = Time resting spent in this place.
 E = Time spent auto-exploring this place.
 F = Levels seen in this place.
 G = Mean time per level.
                   A        B        C        D        E       F      G
               +--------+--------+--------+--------+--------+-----+--------+
         Total |    337 |    298 |     39 |      0 |    236 |   1 |  337.0 |
       Dungeon |    337 |    298 |     39 |      0 |    236 |   1 |  337.0 |
               +--------+--------+--------+--------+--------+-----+--------+

Top non-repeatable levels by time:
     D:1: 337 daAuts
